Map: Usina Ácida LE

Players

IagoAbreu

  • Race: Zerg Zerg
  • League: Gold
  • Spawn Location: 11:00

Kinou - Winner!

  • Race: Terran Terran
  • League: Gold
  • Spawn Location: 5:00

VOD

Have the link to the VOD?

Description

Time

  • Played on: March 14, 2018, 1:27 p.m.
  • Length: 10:21
Show
View Real Time Build Order
Export as new Build Order

IagoAbreu Zerg 

Build Orders: Pool First 

Get SALT Encoding   

  12  0:20  Spawning Pool  
  11  0:22  Drone  
  12  0:31  Overlord  
  12  0:36  Drone  
  12  0:42  Extractor  
  12  0:45  Drone  
  12  0:48  Drone  
  14  1:09  Zergling x4  
  16  1:12  Queen  
  16  1:17  Zergling x2  
  19  1:35  Drone  
  20  1:56  Drone x2  
  22  2:05  Hatchery  
  22  2:07  Overlord  
  21  2:31  Zergling x8  
  24  2:41  Metabolic Boost  
  23  2:45  Burrow  
  23  2:47  Drone  
  23  3:11  Extractor  
  22  3:52  Zergling x6  
  22  3:53  Zergling x10  
  30  4:13  Queen  
  29  4:30  Overlord x3  
  29  4:32  Lair  
  29  4:52  Roach Warren  
  28  5:04  Pneumatized Carapace  
  28  5:07  Drone  
  28  5:08  Drone x2  
  28  5:12  Drone x3  
  34  5:17  Drone  
  35  5:29  Drone x2  
  37  5:58  Roach Warren  
  37  6:02  Spire  
  35  6:07  Hydralisk Den  
  35  6:10  Infestation Pit  
  33  6:53  Roach x2  
  33  6:54  Roach x7  
  51  7:03  Tunneling Claws  
  51  7:12  Evolution Chamber  
  50  7:31  Corruptor  
  50  7:35  Overlord  
  52  7:41  Overlord  
  52  8:18  Drone x3  
  52  8:19  Drone  
  56  8:24  Hatchery  
  55  8:32  Drone  
  47  8:46  Roach x4  
  39  8:52  Roach x2  
  12  9:35  Hydralisk  
  12  9:36  Hydralisk x4  
  22  10:00  Drone  
  22  10:03  Drone  
Show
View Real Time Build Order
Export as new Build Order

Kinou Terran - Winner!

Build Orders: MMM Bio 

Get SALT Encoding   

  12  0:01  SCV  
  13  0:13  Supply Depot  
  13  0:18  SCV  
  14  0:29  Supply Depot  
  14  0:31  SCV  
  15  0:39  Refinery  
  15  0:45  SCV  
  16  0:56  Barracks  
  16  1:00  SCV  
  17  1:12  SCV  
  18  1:24  SCV  
  19  1:30  Barracks  
  19  1:36  SCV  
  20  1:46  Barracks Tech Lab  
  20  1:49  Orbital Command  
  20  1:59  Factory  
  20  2:05  Refinery  
  20  2:12  Marine  
  21  2:30  Marine  
  22  2:45  Factory Tech Lab  
  22  2:48  Marine  
  23  2:59  SCV  
  23  3:00  Barracks Tech Lab  
  23  3:02  Barracks Reactor  
  24  3:06  Marine  
  24  3:08  Stimpack  
  25  3:23  Marine  
  26  3:31  Siege Tank  
  29  3:38  Command Center  
  29  3:39  SCV  
  29  3:40  Supply Depot  
  30  3:41  Marine  
  31  3:59  Command Center  
  31  4:01  SCV  
  31  4:03  Siege Tank, Supply Depot  
  33  4:19  Marine  
  33  4:20  Marine  
  33  4:23  SCV  
  36  4:35  SCV  
  36  4:36  Starport  
  37  4:41  Marauder  
  39  5:02  Marauder  
  41  5:18  Medivac  
  41  5:21  SCV, Command Center  
  44  5:25  Supply Depot  
  44  5:38  Siege Tank  
  47  5:47  SCV  
  48  5:50  Supply Depot  
  48  5:56  Starport Tech Lab  
  48  6:04  SCV, Engineering Bay  
  49  6:10  Marauder  
  51  6:15  Medivac  
  51  6:17  High Capacity Fuel Tanks  
  53  6:19  SCV  
  54  6:28  Supply Depot  
  54  6:31  SCV  
  55  6:33  Combat Shields  
  55  6:43  SCV  
  55  6:44  SCV  
  55  6:45  Medivac, Refinery  
  59  7:02  Orbital Command  
  59  7:10  Reaper, Marauder  
  62  7:15  Supply Depot  
  62  7:18  Terran Infantry Weapons Level 1  
  62  7:51  Marine  
  62  7:52  Marine x2  
  62  7:56  Missile Turret  
  62  7:57  Missile Turret  
  65  8:00  Missile Turret  
  65  8:01  Missile Turret  
  65  8:02  SCV  
  66  8:09  Marine  
  66  8:10  Marine  
  68  8:14  SCV  
  68  8:15  Missile Turret  
  69  8:22  Missile Turret  
  69  8:26  SCV  
  70  8:38  SCV  
  71  8:50  SCV  
  67  9:39  Siege Tank  
  70  9:45  Marine  
  70  9:46  Marine x2  
  73  9:53  Factory  
Tags
 
Composition
MMM Bio
League
GoldGold
Matchup
TvZ
Opening
Pool First
Spawn Locations
Cross Positions
Add a new tag
Caveats
  • Supply blocks, unpowered buildings, or Contaminate may cause inaccurate times.
  • Supply counts are checked every 10 seconds.